 Dungeon Crawl Stone Soup version 0.31-a0-1082-g7d1fb776a8 (webtiles) character file.

Game seed: 4801259621200307835

236359 inmateoo the Executioner (level 18, -6/252 HPs)
             Began as a Minotaur Berserker on Nov 23, 2023.
             Was the Champion of Trog.
             Hit by a silver javelin thrown by a merfolk javelineer (9 damage)
             ... on level 4 of the Shoals on Nov 28, 2023.
             The game lasted 00:41:23 (28506 turns).

inmateoo the Executioner (Minotaur Berserker)      Turns: 28506, Time: 00:41:24

Health: -6/252     AC: 29    Str: 25      XL:     18   Next: 93%
Magic:  17/17      EV: 21    Int:  2 (4)  God:    Trog [******]
Gold:   2046       SH:  9    Dex: 15      Spells: 17/17 levels left

rFire   . . .        q - +3 broad axe (spect)
rCold   + . .        I - +2 buckler {rPois}
rNeg    . . .        s - +1 storm dragon scales
rPois   +            (helmet restricted)
rElec   +            B - +2 cloak
rCorr   .            C - +2 pair of gloves
SInv    .            b - +0 pair of boots
Will    +....        e - amulet of regeneration Stlth
                     D - ring of protection from cold
HPRegen 1.42/turn    A - +5 ring of evasion
MPRegen 0.15/turn

%: no passive effects
@: berserking, lethally poisoned (-6 -> -6), very quick
A: horns 2, retaliatory headbutt
}: 1/15 runes: gossamer
a: Renounce Religion, Berserk, Trog's Hand, Brothers in Arms


You were on level 4 of the Shoals.
You worshipped Trog.
Trog was exalted by your worship.
You visited 5 branches of the dungeon, and saw 30 of its levels.
You visited the Abyss 1 time.
You also visited: Gauntlet and Ice Cave.

You collected 3089 gold pieces.
You spent 1043 gold pieces at shops.

Inventory:

Hand Weapons
 q - a +3 spectral broad axe (weapon)
 y - a +3 broad axe of electrocution
 M - a +3 demon trident of venom
Missiles
 g - 36 boomerangs (quivered)
 n - 8 throwing nets
Armour
 b - a +0 pair of boots (worn)
 s - +1 storm dragon scales (worn)
 B - a +2 cloak (worn)
 C - a +2 pair of gloves (worn)
 I - a +2 buckler of poison resistance (worn)
Jewellery
 e - an amulet of regeneration (around neck)
 x - a ring of see invisible
 A - a +5 ring of evasion (right hand)
 D - a ring of protection from cold (left hand)
 H - a ring of fire
 J - the ring "Eleqokh" {Wiz rPois}
   (You took it off a centaur warrior on level 14 of the Dungeon)

   [ring of wizardry]

   Wiz:       It improves your spell success rate.
   rPois:     It protects you from poison
 N - the ring "Ethrix" {rN+ rCorr Int+3 Dex+4 Stlth-}
   (You found it on level 15 of the Dungeon)

   [ring of positive energy]

   Int+3:     It affects your intelligence (+3).
   Dex+4:     It affects your dexterity (+4).
   rN+:       It protects you from negative energy.
   rCorr:     It protects you from acid and corrosion.
   Stlth-:    It makes you less stealthy.
Talismans
 Z - a granite talisman
Wands
 a - a wand of quicksilver (18)
 f - a wand of mindburst (8)
 p - a wand of iceblast (13)
 u - a wand of flame (72)
 Q - a wand of charming (31)
 T - a wand of digging (5)
Scrolls
 h - 10 scrolls of teleportation
 l - 6 scrolls of enchant armour
 r - 7 scrolls of fog
 v - 6 scrolls of poison
 G - 2 scrolls of blinking
 K - a scroll of vulnerability
 L - 4 scrolls of fear
 O - 7 scrolls of identify
 P - a scroll of silence
 S - a scroll of summoning
 W - 3 scrolls of immolation
 X - a scroll of torment
Potions
 c - 3 potions of haste
 d - a potion of might
 i - 15 potions of curing
 k - 3 potions of attraction
 m - 7 potions of heal wounds
 o - 3 potions of magic
 t - 5 potions of resistance
 w - 6 potions of ambrosia
 z - 6 potions of enlightenment
 E - 5 potions of mutation
 F - 2 potions of lignification
 R - 3 potions of berserk rage
 U - 3 potions of invisibility
 V - 3 potions of cancellation
Miscellaneous
 j - a phantom mirror


   Skills:
 + Level 16.9 Fighting
 * Level 22.4 Axes
 + Level 1.0 Throwing
 + Level 19.2 Armour
 + Level 15.0 Dodging
 + Level 13.0 Shields
 - Level 5.0 Evocations
 * Level 10.8 Shapeshifting


You had 17 spell levels left.
You didn't know any spells.
Your spell library was empty.

Dungeon Overview and Level Annotations

Branches:
Dungeon (15/15)            Temple (0/1) D:5            Lair (5/5) D:11
 Shoals (4/4) Lair:3       Spider (4/4) Lair:3        Slime (0/5) Lair:5
    Orc (2/2) D:9             Elf (0/3) Orc:2        Vaults (0/5) D:13
 Depths (0/4) D:15          IceCv (visited)         Gauntlet (visited)

Altars:
Kikubaaqudgha
Makhleb
Okawaru
Ru
Vehumet
Yredelemnul
Zin
The Shining One

Shops:
D:14 :   Orc:1 (   Orc:2 =([*   Shoals:4 *

Portals:
Trove: D:13 (show slimy rune of Zot)


Innate Abilities, Weirdness & Mutations

You have a pair of horns on your head.
You reflexively headbutt those who attack you in melee.


Message History

Your +3 spectral broad axe hits the merfolk javelineer.
Your +3 spectral broad axe hits the merfolk javelineer!
Your +3 spectral broad axe closely misses the merfolk impaler.
The merfolk javelineer shouts!
Your +3 spectral broad axe hits the merfolk impaler!
You feel sick. The merfolk impaler barely misses you.
The merfolk impaler misses you.
The merfolk javelineer completely misses you.
You furiously retaliate!
You headbutt the merfolk javelineer!
You feel your intelligence returning.
Your Shields skill increases to level 13!
You hit the merfolk javelineer.
The merfolk javelineer is almost dead.
You hit the merfolk impaler.
Your +3 spectral broad axe hits the merfolk javelineer!!!
You kill the merfolk javelineer!
Trog accepts your kill.
Your +3 spectral broad axe hits the merfolk javelineer!!
Your +3 spectral broad axe hits the merfolk impaler!!
Your +3 spectral broad axe barely misses the merfolk impaler.
You feel sick.
The merfolk impaler hits you from afar with a +0 demon trident.
* * * LOW HITPOINT WARNING * * *
The merfolk impaler hits your +3 spectral broad axe with a +1 trident of venom!
Your spectral weapon shares its damage with you!
* * * LOW HITPOINT WARNING * * *
The merfolk javelineer throws a silver javelin.
The silver javelin pierces through you but does no damage.
* * * LOW HITPOINT WARNING * * *
You are too berserk!
You open the merfolk impaler like a pillowcase!!!
You kill the merfolk impaler!
Trog accepts your kill.
Your +3 spectral broad axe disappears.
You feel sick. You block the merfolk impaler's attack.
Your Throwing skill increases to level 1!
You feel sick.
The merfolk javelineer throws a silver javelin.
The silver javelin pierces through you!
You die...

≈≈≈≈≈≈≈~..## #..~# ..
≈≈≈≈≈≈≈~~..####..~# ~~..
≈≈≈≈≈≈≈≈≈~.......~## #~~~..
≈≈≈≈≈≈≈≈≈≈~~....~~~#####~~~~..
≈≈≈≈≈≈≈≈≈≈≈~~.....)..~~~~~~~~.
≈≈≈≈≈≈≈≈≈≈~~~...)).)..~~~~~~~~
≈≈≈≈≈≈≈≈~~~..#####...~~~~~~~~
≈≈≈≈≈≈~~~..##m..##†~~~~~~~~~
≈≈≈≈~~~...#)@...#..~~~~~~..
≈≈≈~...§)§))φ:.#.~~~~~~~..
≈~~.....#†).[.#~~~~~~~~..
≈~~§....##m.~##~~~~~~~~..
≈~~......##+##~~~~~~~~~..
≈~~......, .[~~~~~~~~~.~
≈~~....... ...~~~~~)~~~~~
≈~~..........~~~~~~~~~~~~
≈~~...................~~~


You could see a merfolk impaler and a merfolk javelineer.

Vanquished Creatures
  Arachne (Spider:3)
  A kraken (Shoals:3)
  Aizul (Shoals:4)
  Kirke (Shoals:1)
  Roxanne (Shoals:2)
  8 emperor scorpions
  3 ghost moths
  Louise (D:15)
  3 broodmothers
  The ghost of Motium the Unseen, an adept SpEn of Uskayaw (Spider:4)
  2 very ugly things (IceCv)
  A formless jellyfish (Shoals:3)
  A minotaur (Gauntlet)
  5 spark wasps
  An ettin (D:15)
  Snorg (Lair:4)
  A fire dragon (shapeshifter) (D:11)
  8 merfolk impalers
  3 entropy weavers
  3 merfolk javelineers
  A rakshasa (D:15)
  5 caustic shrike simulacra (IceCv)
  3 jorogumos
  4 catoblepae
  6 hydras
  10 centaur warriors
  4 merfolk avatars
  3 radroaches
  A satyr (Shoals:4)
  2 two-headed ogres
  12 boulder beetles
  3 death knights (D:14)
  3 merfolk aquamancers
  A sphinx skeleton (D:15)
  10 demonic crawlers
  The ghost of nago the Fighter, a novice DjAr of Makhleb (D:8)
  6 death yaks
  Urug (Lair:5)
  3 tengu warriors (D:14)
  3 orc high priests (Orc:2)
  2 deep elf knights
  8 skysharks
  A fire crab (D:15)
  12 skeletal warriors
  7 pharaoh ants
  5 sun moths
  2 flayed ghosts
  7 sea snakes
  A glowing orange brain (Gauntlet)
  An orange crystal statue (IceCv)
  9 orc knights
  13 orb spiders
  9 steelbarb worms
  Pikel (D:5)
  A phantasmal warrior (D:14)
  10 harpies
  18 ugly things
  A deep elf zephyrmancer (D:14)
  12 fauns
  3 deep elf pyromancers
  A necromancer (D:15)
  An oklob plant (Lair:5)
  7 orc sorcerers
  24 wolf spiders
  Maurice (Orc:1)
  15 manticores
  8 elephants
  A worldbinder (Gauntlet)
  8 cyclopes
  7 merfolk sirens
  2 moths of wrath
  2 water nymphs
  6 black mambas
  A smoke demon (Gauntlet)
  2 ice statues (Shoals:2)
  9 torpor snails
  11 cane toads
  2 rime drakes (Lair:5)
  An efreet (D:15)
  3 kobold demonologists
  A golden dragon simulacrum (IceCv)
  10 komodo dragons
  A red devil (Gauntlet)
  6 freezing wraiths
  6 polar bears
  2 guardian mummies (D:13)
  21 merfolk
  6 hornets
  4 trolls
  28 tarantellas
  7 wind drakes
  27 blink frogs
  9 snapping turtles
  16 dream sheep
  33 jumping spiders
  2 slime creatures
  27 culicivoras
  2 spriggans (Lair:4)
  A shadow (D:12)
  A spriggan skeleton (D:15)
  10 wyverns
  4 water elementals
  2 wraiths
  Eustachio (D:5)
  8 basilisks
  60 yaks
  5 hogs (Shoals:1)
  A human (shapeshifter) (D:15)
  65 redbacks
  A warg (Orc:2)
  Menkaure (D:6)
  3 steam dragons
  13 vampire mosquitoes
  2 harpy simulacra (IceCv)
  3 acid dragons (D:10)
  Duvessa (D:5)
  11 water moccasins
  2 hydra simulacra (IceCv)
  A meliai simulacrum (D:14)
  19 orc warriors
  3 ice beasts
  A black bear (Lair:4)
  4 ogres
  4 ettin simulacra (IceCv)
  3 sky beasts
  2 boggarts (Gauntlet)
  3 wolves (Lair:4)
  12 centaurs
  A phantom (D:5)
  A lemure (D:5)
  9 kobold brigands
  17 bullfrogs
  A gnoll sergeant (D:9)
  5 scorpions
  18 wights
  Dowan (D:5)
  5 killer bees
  2 lindwurm simulacra (IceCv)
  An electric eel (Lair:3)
  4 howler monkeys
  2 crimson imps (Gauntlet)
  6 jellies
  4 hounds
  10 orc priests
  Crazy Yiuf (D:5)
  4 gnoll boudas
  2 iguanas (D:5)
  20 orc wizards
  5 sleepcaps
  19 gnolls
  6 adders
  A white imp (D:6)
  A dart slug (D:1)
  36 orcs
  6 ball pythons
  7 endoplasms
  6 giant cockroaches
  7 goblins
  9 hobgoblins
  8 quokkas
  4 bats (D:2)
  3 frilled lizards
  13 kobolds
  11 rats
  2 spectral weapons
  3 tentacles (Shoals:3)
1080 creatures vanquished.

Vanquished Creatures (collateral kills)
  The ghost of Behejivea the Destroyer, an adept DsEE of Gozag (D:15)
  A spark wasp (Spider:4)
  2 hydras (D:15)
  A skeletal warrior (D:15)
  An orange crystal statue (IceCv)
  A wolf spider (Spider:3)
  2 hornets (Spider:4)
9 creatures vanquished.

Vanquished Creatures (others)
  A broodmother (Spider:2)
  A komodo dragon (Lair:5)
  A tarantella (Spider:3)
  A redback (Spider:1)
  2 orcs (Orc:1)
  48 spectral weapons
  2 tentacles (Shoals:3)
56 creatures vanquished.

Grand Total: 1145 creatures vanquished

Notes
Turn   | Place    | Note
-------+----------+-------------------------------------------
     0 | D:1      | inmateoo the Minotaur Berserker began the quest for the
                  | Orb.
     0 | D:1      | Reached XP level 1. HP: 19/19 MP: 0/0
   113 | D:1      | Reached XP level 2. HP: 27/27 MP: 1/1
   172 | D:1      | Reached skill level 4 in Axes
   276 | D:1      | Reached ** piety under Trog
   657 | D:2      | Reached XP level 3. HP: 33/33 MP: 2/2
   738 | D:2      | Reached skill level 1 in Shapeshifting
   902 | D:2      | Reached XP level 4. HP: 40/40 MP: 3/3
  1381 | D:3      | Found a faded altar of an unknown god.
  1631 | D:3      | Reached *** piety under Trog
  1831 | D:3      | Found a radiant altar of Vehumet.
  1996 | D:4      | Reached skill level 5 in Axes
  2224 | D:4      | Reached XP level 5. HP: 39/46 MP: 4/4
  2619 | D:4      | Reached XP level 6. HP: 45/53 MP: 5/5
  2883 | D:5      | Entered Level 5 of the Dungeon
  2914 | D:5      | Noticed Pikel
  2932 | D:5      | Killed Pikel
  2933 | D:5      | Reached skill level 5 in Fighting
  2933 | D:5      | Reached skill level 7 in Axes
  2933 | D:5      | Reached XP level 7. HP: 61/61 MP: 6/6
  3008 | D:5      | Noticed Eustachio
  3019 | D:5      | Reached skill level 5 in Armour
  3128 | D:5      | Killed Eustachio
  3129 | D:5      | Reached XP level 8. HP: 70/70 MP: 7/7
  3159 | D:5      | Found a staircase to the Ecumenical Temple.
  3367 | D:5      | Reached skill level 8 in Axes
  3397 | D:5      | Noticed Duvessa
  3398 | D:5      | Noticed Dowan
  3409 | D:5      | Killed Duvessa
  3410 | D:5      | Reached skill level 5 in Dodging
  3413 | D:5      | Killed Dowan
  3611 | D:5      | Found a runed translucent door.
  3612 | D:5      | Noticed Crazy Yiuf
  3959 | D:5      | Killed Crazy Yiuf
  4104 | D:6      | Noticed Menkaure
  4110 | D:6      | Killed Menkaure
  4130 | D:6      | Reached skill level 9 in Axes
  4132 | D:6      | Reached XP level 9. HP: 75/78 MP: 8/8
  4497 | D:6      | Reached **** piety under Trog
  5073 | D:7      | Reached skill level 10 in Axes
  5130 | D:7      | Identified the +2 scale mail of Wiatoaq {Rampage Dex+3}
  5817 | D:8      | Found a runed translucent gate.
  5830 | D:8      | Found a runed translucent gate.
  5830 | D:8      | Found a runed translucent gate.
  5832 | D:8      | Noticed nago's ghost (novice DjAr)
  5832 | D:8      | Noticed a kobold demonologist
  5906 | D:8      | Reached XP level 10. HP: 78/88 MP: 9/9
  5961 | D:8      | Found a glowing golden altar of the Shining One.
  6174 | D:8      | Reached ***** piety under Trog
  6182 | D:8      | Reached skill level 11 in Axes
  6470 | D:8      | Killed nago's ghost
  6645 | D:9      | Reached skill level 12 in Axes
  6675 | D:9      | Reached skill level 5 in Shapeshifting
  6776 | D:9      | Found a staircase to the Orcish Mines.
  6949 | D:9      | Received a gift from Trog
  6959 | D:9      | Reached XP level 11. HP: 92/97 MP: 10/10
  7113 | D:9      | You fall into a shaft and drop 2 floors!
  7180 | D:10     | Entered Level 10 of the Dungeon
  7186 | D:10     | Noticed a two-headed ogre
  7198 | D:10     | Killed a two-headed ogre
  7243 | D:10     | Found an iron altar of Okawaru.
  7685 | D:10     | Reached skill level 13 in Axes
  7894 | D:10     | Found a basalt altar of Yredelemnul.
  8654 | D:11     | Noticed a skeletal warrior
  8655 | D:11     | Noticed a skeletal warrior
  8655 | D:11     | Noticed a skeletal warrior
  8695 | D:10     | Killed a skeletal warrior
  8696 | D:10     | Reached skill level 10 in Fighting
  8771 | D:11     | Found a staircase to the Lair.
  8987 | D:10     | Killed a skeletal warrior
  9026 | D:11     | Killed a skeletal warrior
  9026 | D:11     | Noticed a fire dragon
  9062 | D:11     | Killed a fire dragon
  9063 | D:11     | Reached skill level 10 in Armour
  9414 | D:12     | Noticed a boulder beetle
  9419 | D:12     | Reached skill level 14 in Axes
  9434 | D:12     | Reached XP level 12. HP: 106/107 MP: 11/11
  9453 | D:12     | Killed a boulder beetle
  9454 | D:12     | Reached skill level 1 in Evocations
  9508 | D:12     | Noticed a boulder beetle
  9509 | D:12     | Noticed a boulder beetle
  9518 | D:12     | Killed a boulder beetle
  9532 | D:12     | Killed a boulder beetle
  9618 | D:12     | Noticed a two-headed ogre
  9628 | D:12     | Killed a two-headed ogre
 10116 | D:13     | Noticed a boulder beetle
 10141 | D:13     | Killed a boulder beetle
 10145 | D:13     | Found a portal to a secret trove of treasure.
 10154 | D:13     | Reached skill level 1 in Shields
 10537 | D:13     | Received a gift from Trog
 10632 | D:13     | Reached skill level 15 in Axes
 10675 | D:13     | Noticed a centaur warrior
 10683 | D:13     | Killed a centaur warrior
 10724 | D:13     | Found a gate to the Vaults.
 10983 | D:14     | Found Haosewk's Self-Published Books.
 11003 | D:14     | Noticed a centaur warrior
 11012 | D:14     | Killed a centaur warrior
 11038 | D:14     | Noticed a tengu warrior
 11038 | D:14     | Noticed a tengu warrior
 11045 | D:14     | Killed a tengu warrior
 11045 | D:14     | Killed a tengu warrior
 11094 | D:14     | Reached XP level 13. HP: 69/116 MP: 12/12
 11119 | D:14     | Reached skill level 10 in Dodging
 11460 | D:14     | Identified the +7 scimitar of Puroig {freeze, rC++ rCorr}
 11460 | D:14     | Identified the ring "Eleqokh" {Wiz rPois}
 11468 | D:14     | Reached skill level 16 in Axes
 11692 | D:14     | Reached skill level 5 in Shields
 12093 | D:14     | Found an ancient bone altar of Kikubaaqudgha.
 12123 | D:15     | Entered Level 15 of the Dungeon
 12123 | D:15     | Found a staircase to the Depths.
 12304 | D:15     | Reached XP level 14. HP: 101/126 MP: 13/13
 12607 | D:15     | Reached skill level 5 in Evocations
 12907 | D:15     | Noticed Louise
 12910 | Abyss:2  | Cast into level 2 of the Abyss (Louise)
 12911 | Abyss:2  | Found a corrupted altar of Lugonu.
 12917 | D:15     | Escaped the Abyss
 12938 | D:15     | Killed Louise
 13253 | D:15     | Identified the ring "Ethrix" {rN+ rCorr Int+3 Dex+4 Stlth-}
 13256 | D:15     | Identified the staff of Qim Sat {rElec rF+ Int+2 Dex+2 SInv
                  | Air}
 13441 | D:15     | Reached skill level 17 in Axes
 13693 | D:15     | Found a runed translucent gate.
 13693 | D:15     | Found a runed translucent gate.
 13693 | D:15     | Found a runed translucent gate.
 13695 | D:15     | Noticed Behejivea's ghost (adept DsEE)
 13993 | D:14     | Received a gift from Trog
 14403 | D:15     | Killed Behejivea's ghost
 14556 | Lair:1   | Entered Level 1 of the Lair of Beasts
 15363 | Lair:2   | Reached XP level 15. HP: 66/136 MP: 14/14
 15971 | Lair:3   | Found a hole to the Spider Nest.
 16065 | Lair:4   | Reached skill level 18 in Axes
 16070 | Lair:3   | Identified the +4 battleaxe of Perversion {heavy, rF+
                  | Will+} (Trog gifted it to you on level 3 of the Lair of
                  | Beasts)
 16070 | Lair:3   | Received a gift from Trog
 16608 | Lair:3   | Found a staircase to the Shoals.
 17132 | Lair:4   | Noticed Snorg
 17140 | Lair:4   | Killed Snorg
 17543 | Lair:5   | Entered Level 5 of the Lair of Beasts
 17739 | Lair:5   | Reached ****** piety under Trog
 17759 | Lair:5   | Received a gift from Trog
 17767 | Lair:5   | Noticed Urug
 17779 | Lair:5   | Killed Urug
 17883 | Lair:5   | Reached skill level 15 in Armour
 17893 | Lair:5   | Reached skill level 19 in Axes
 17995 | Lair:5   | Found a staircase to the Slime Pits.
 18564 | Orc:1    | Entered Level 1 of the Orcish Mines
 18564 | Orc:1    | Noticed Maurice
 18577 | Orc:1    | Reached XP level 16. HP: 146/146 MP: 15/15
 18584 | Orc:1    | Killed Maurice
 18640 | Orc:1    | Found Ibiskibo's Weapon Boutique.
 18701 | Orc:2    | Entered Level 2 of the Orcish Mines
 18742 | Orc:2    | Found a gate leading to a gauntlet.
 18781 | Orc:2    | Received a gift from Trog
 18803 | Gauntlet | Entered a Gauntlet
 18803 | Gauntlet | Found a transporter.
 18803 | Gauntlet | Found a transporter.
 18880 | Gauntlet | Found a transporter.
 18884 | Gauntlet | Found a transporter.
 18893 | Gauntlet | Found a transporter.
 18896 | Gauntlet | Found a transporter.
 18904 | Gauntlet | Found a transporter.
 18921 | Gauntlet | Found a transporter.
 18935 | Gauntlet | Found a transporter.
 18939 | Gauntlet | Found a transporter.
 18943 | Gauntlet | Found a runed translucent door.
 18943 | Gauntlet | Found a runed translucent door.
 18947 | Gauntlet | Found a transporter.
 18951 | Gauntlet | Found a transporter.
 19062 | Gauntlet | Identified the +0 pair of gloves of Rainuthi {Rampage rF+}
 19101 | Gauntlet | Identified the +1 ring mail of the Devil's Advocate {Fly
                  | Str+3 SInv}
 19281 | Orc:2    | Found a staircase to the Elven Halls.
 19327 | Orc:2    | Found Juzasuru's General Store.
 19344 | Orc:2    | Found Hioj Lez's Antique Armour Shoppe.
 19349 | Orc:2    | Found Himifem's Weapon Shoppe.
 19354 | Orc:2    | Bought a potion of heal wounds for 70 gold pieces
 19354 | Orc:2    | Bought a scroll of revelation for 105 gold pieces
 19359 | Orc:2    | Found Hyleit's Jewellery Boutique.
 19485 | Orc:1    | Paralysed by an orc sorcerer for 2 turns
 19733 | Orc:2    | Bought a warped plate armour for 868 gold pieces
 19733 | Orc:2    | Identified the +3 plate armour "Pocheagh" {rN+ Will++ MP+9
                  | Str-5} (You bought it in a shop on level 2 of the Orcish
                  | Mines)
 19896 | Spider:1 | Entered Level 1 of the Spider Nest
 20140 | Spider:1 | Reached skill level 10 in Shields
 20266 | Spider:1 | Received a gift from Trog
 20897 | Spider:1 | Reached skill level 20 in Axes
 20900 | Spider:1 | Reached skill level 15 in Fighting
 21278 | Spider:2 | You fall into a shaft and drop 1 floor!
 21281 | Spider:3 | Noticed Arachne
 21308 | Spider:3 | Killed Arachne
 21389 | Spider:3 | Upgraded the game from 0.31-a0-1068-g5939ac1fb6 to
                  | 0.31-a0-1082-g7d1fb776a8
 21443 | Spider:3 | Reached XP level 17. HP: 124/156 MP: 16/16
 21480 | Spider:3 | Received a gift from Trog
 22519 | Spider:3 | Received a gift from Trog
 23270 | Spider:3 | Reached skill level 21 in Axes
 23362 | Spider:4 | Entered Level 4 of the Spider Nest
 23443 | Spider:4 | Found a runed translucent gate.
 23444 | Spider:4 | Found a runed translucent gate.
 23447 | Spider:4 | Found a runed translucent gate.
 23447 | Spider:4 | Noticed Motium's ghost (adept SpEn)
 23500 | Spider:4 | Received a gift from Trog
 23610 | Spider:4 | Reached skill level 10 in Shapeshifting
 23740 | Spider:4 | Killed Motium's ghost
 24392 | Spider:4 | Reached XP level 18. HP: 166/166 MP: 17/17
 24424 | Spider:4 | Received a gift from Trog
 24459 | Spider:4 | Got a gossamer rune of Zot
 24628 | Shoals:1 | Entered Level 1 of the Shoals
 24634 | Shoals:1 | Identified the +1 rapier of the Snake Pit {holy, rElec
                  | Will+++}
 25096 | Shoals:1 | Noticed Kirke
 25106 | Shoals:1 | Killed Kirke
 25726 | Shoals:2 | Found a frozen archway.
 25773 | IceCv    | Entered an ice cave
 26050 | IceCv    | Lost intelligence.
 26247 | IceCv    | Reached skill level 22 in Axes
 26703 | Shoals:2 | Found a glowing silver altar of Zin.
 26708 | Shoals:2 | Received a gift from Trog
 26789 | Shoals:2 | Noticed Roxanne
 26798 | Shoals:2 | Found a sacrificial altar of Ru.
 26846 | Shoals:2 | Killed Roxanne
 26957 | Shoals:2 | Found a burning altar of Makhleb.
 27791 | Shoals:4 | Entered Level 4 of the Shoals
 27791 | Shoals:4 | Found Hoddo's Mayhem Merchandise.
 27812 | Shoals:4 | Identified the serpent talisman of Death Resistance {Str+3
                  | SInv}
 27812 | Shoals:4 | Noticed Aizul
 27862 | Shoals:4 | Killed Aizul
 28407 | Shoals:4 | Reached skill level 15 in Dodging
 28504 | Shoals:4 | HP: 5/252 [merfolk impaler/+1 trident of venom (12)]
 28506 | Shoals:4 | Reached skill level 1 in Throwing
 28506 | Shoals:4 | Hit by a silver javelin thrown by a merfolk javelineer

Illustrated notes

Levels and vault maps discovered:
D:1:      tarquinn_simple_flora_water_d, layout_basic, hangedman_decor_push
D:2:      layout_basic, minmay_hexomino_c4
D:3:      layout_loops_ring, vehumet_altar_wand_db,
          ebering_ecumenical_altar_ruins, st_stairs_2, hangedman_decor_points,
          minmay_starry_boxes
D:4:      layout_basic
D:5:      layout_loops_ring, minmay_temple_entry_mist,
          dreamdust_princess_corridor, uniq_pikel, uniq_duvessa, uniq_eustachio,
          uniq_crazy_yiuf_cottage
D:6:      layout_loops_ring, st_stairs_7, blue_anna_alchemist, nrook_campfire,
          kennysheep_crisscross, uniq_menkaure
D:7:      layout_gridville, minivault_19, serial_library_hellmonk_room_b
D:8:      layout_gridville, tso_metal_star, gammafunk_ghost_nasty_kobolds
D:9:      layout_loops_corners, orc_0_dummy
D:10:     layout_loops_ring, kennysheep_mini, mainiacjoe_overflow_boulevard,
          hangedman_corner_corridor
D:11:     layout_layer_cave, lair_entry_dummy
D:12:     layout_rooms
D:13:     layout_basic, hellmonk_vaults_attempted_burglary,
          nicolae_trove_entry_path_of_doom
D:14:     minmay_the_grid_octo_2x2 [minmay_the_grid_octo_fan_narrow,
          minmay_the_grid_octo_clover_2, minmay_the_grid_octo_horde,
          minmay_the_grid_octo_prize_star], layout_stronghold,
          kiku_gazebo_garden_becter, nicolae_custom_books,
          hangedman_decor_lopped
D:15:     gammafunk_depths_entry_grave, layout_irregular_city,
          gammafunk_ghost_hydra_chop, minmay_evil_grid, uniq_louise
Lair:1:   layout_long_grid
Lair:2:   layout_long_grid, infiniplex_staircase_pool
Lair:3:   layout_cave_pods, minmay_shoals_entry_hut,
          spider_nest_entry_web_field, lemuel_old_faithful,
          infiniplex_staircase_pool_2, grunt_megastairs_3, serial_bayou_shore_a,
          serial_bayou_shore_b
Lair:4:   wander_river, layout_regular_city, forest_entry_grove, uniq_snorg
Lair:5:   gammafunk_lair_ancient_temple, layout_loops_ring,
          minmay_slime_entry_oklob_enclosed, chequers_serial_rivers_room_a,
          uniq_urug
Shoals:1: cheibrodos_shoals_roost, layout_shoals,
          nicolae_shoals_the_drawing_of_the_three, uniq_kirke
Shoals:2: layout_shoals, portal_ice_cave_entry_ice_statue_two,
          nicolae_shoals_seven_spires, lemuel_altar_in_water,
          hangedman_feature_mirror, uniq_roxanne
Shoals:3: layout_shoals, nicolae_shoals_kraken_intersection
Shoals:4: shoals_end_simple, layout_shoals, minmay_shop_mayhem, uniq_aizul
Spider:1: layout_spider_delve, hangedman_spider_tarantella_strand
Spider:2: layout_cave_pods
Spider:3: nicolae_spider_hilbert_zone_7 [nicolae_spider_hilbert_4_sides_1_open,
          nicolae_spider_hilbert_4_sides_1_open,
          nicolae_spider_hilbert_4_sides_1_open,
          nicolae_spider_hilbert_4_sides_1_open,
          nicolae_spider_hilbert_3_sides_1_open,
          nicolae_spider_hilbert_3_sides_1_open,
          nicolae_spider_hilbert_3_sides_1_open,
          nicolae_spider_hilbert_3_sides_1_open,
          nicolae_spider_hilbert_4_sides_1_open,
          nicolae_spider_hilbert_4_sides_1_open,
          nicolae_spider_hilbert_4_sides_1_open,
          nicolae_spider_hilbert_2_sides_1_open,
          nicolae_spider_hilbert_2_sides_1_open,
          nicolae_spider_hilbert_2_sides_1_open,
          nicolae_spider_hilbert_2_sides_1_open,
          nicolae_spider_hilbert_2_sides_1_open,
          nicolae_spider_hilbert_2_sides_1_open], guppyfry_spider_mini_2,
          uniq_arachne
Spider:4: spider_rune_water, ebering_ghost_rock_garden
Orc:1:    layout_diamond_mine, serial_shops, nicolae_shop_window_shopping,
          uniq_maurice
Orc:2:    st_orc_elflike, layout_diamond_mine, gauntlet_entry_generic

Skill      XL: |  1  2  3  4  5  6  7  8  9 10 11 12 13 14 15 16 17 18 |
---------------+-------------------------------------------------------+-----
Axes           | 4 5 7 9 10 12 14 15 16 17 19 20 21 22 | 22.4
Fighting       | 4 5 6 7 9 10 11 12 13 14 15 16 | 16.9
Shapeshifting  | 1 2 3 4 5 6 7 8 9 10 | 10.8
Armour         | 3 4 5 6 7 8 10 11 12 13 15 16 18 19 | 19.2
Dodging        | 3 4 5 6 7 8 9 10 11 12 13 14 15 | 15.0
Evocations     | 3 4 5 |  5.0
Shields        | 3 5 7 9 10 12 13 | 13.0
Throwing       | 1 |  1.0

Action                     |  1- 3 |  4- 6 |  7- 9 | 10-12 | 13-15 | 16-18 || total
---------------------------+-------+-------+-------+-------+-------+-------++-------
  Melee: Hand axe          |    82 |   137 |   289 |       |       |       ||   508
         Headbutt          |    10 |    21 |    65 |   104 |   195 |   318 ||   713
         Punch             |     1 |     1 |     5 |     3 |       |       ||    10
         Broad axe         |       |       |    17 |   393 |   709 |  1200 ||  2319
         Trident           |       |       |       |       |    25 |       ||    25
         Demon trident     |       |       |       |       |    34 |       ||    34
  Throw: Boomerang         |       |       |       |       |       |     1 ||     1
 Invoke: Berserk           |     1 |     2 |     8 |     3 |     2 |     2 ||    18
         Brothers in Arms  |       |       |       |       |     3 |     4 ||     7
  Evoke: Phantom mirror    |       |       |       |       |     1 |       ||     1
         Wand              |       |       |       |       |       |     4 ||     4
    Use: Scroll            |       |       |    10 |    15 |     6 |     4 ||    35
         Potion            |       |       |     2 |       |     1 |       ||     3
   Stab: Sleeping          |     2 |       |       |       |       |       ||     2
         Distracted        |       |       |       |     7 |     7 |    28 ||    42
         Petrified         |       |       |       |       |     2 |       ||     2
 Armour: Animal skin       |    12 |       |       |       |       |       ||    12
         Scale mail        |    27 |    19 |       |       |       |       ||    46
         Storm dragon scal |       |    82 |   269 |   347 |   505 |   717 ||  1920
  Dodge: Dodged            |    57 |    57 |   140 |   188 |   377 |   847 ||  1666
  Block: Buckler           |       |       |       |    20 |   260 |   478 ||   758
         Form:             |       |       |       |       |       |     1 ||     1
         Statue            |       |       |       |       |       |     1 ||     1

Table legend: (Time is in decaauts)
 A = Elapsed time spent in this place.
 B = Non-inter-level travel time spent in this place.
 C = Inter-level travel time spent in this place.
 D = Time resting spent in this place.
 E = Time spent auto-exploring this place.
 F = Levels seen in this place.
 G = Mean time per level.
                   A        B        C        D        E       F      G
               +--------+--------+--------+--------+--------+-----+--------+
         Total |  29588 |  27666 |   1922 |   5772 |  14864 |  33 |  896.6 |
       Dungeon |  14671 |  13683 |    988 |   2442 |   8167 |  15 |  978.1 |
          Lair |   4075 |   3730 |    345 |    209 |   2735 |   5 |  815.0 |
        Shoals |   4479 |   4269 |    210 |   1368 |   1720 |   4 | 1119.8 |
   Spider Nest |   4523 |   4299 |    224 |   1312 |   1617 |   4 | 1130.8 |
  Orcish Mines |    903 |    748 |    155 |      0 |    529 |   2 |  451.5 |
         Abyss |      6 |      6 |      0 |      0 |      0 |   1 |    6.0 |
      Ice Cave |    636 |    636 |      0 |    371 |      0 |   1 |  636.0 |
      Gauntlet |    292 |    292 |      0 |     69 |     94 |   1 |  292.0 |
               +--------+--------+--------+--------+--------+-----+--------+

Top non-repeatable levels by time:
    D:15: 1719 daAuts
    D:14: 1623 daAuts
Spider:3: 1434 daAuts
Shoals:2: 1413 daAuts
Shoals:3: 1297 daAuts
Spider:1: 1156 daAuts
     D:9: 1147 daAuts
     D:5: 1137 daAuts
Spider:4: 1129 daAuts
Shoals:1: 1118 daAuts
  Lair:3: 1051 daAuts
    D:11: 1018 daAuts
     D:4: 982 daAuts
    D:10: 974 daAuts
    D:13: 971 daAuts
